 Dungeon Crawl Stone Soup version 0.30-a0-439-g9e77e4d916 (webtiles) character file.

Game seed: 8892189154255356143

17220 funkygono the Thaumaturge (level 12, -25/83 HPs)
             Began as a Demonspawn Fire Elementalist on Dec 9, 2022.
             Was a Priest of Vehumet.
             Killed from afar by an ice statue (28 damage)
             ... with a shard of ice
             ... in an ice cave on Dec 10, 2022.
             The game lasted 00:25:20 (10693 turns).

funkygono the Thaumaturge (DsFE)                   Turns: 10693, Time: 00:25:21

Health: -25/83     AC: 12    Str:  9    XL:     12   Next: 17%
Magic:  27/27      EV: 16    Int: 21    God:    Vehumet [***...]
Gold:   618        SH:  4    Dex: 14    Spells: 13/33 levels left

rFire   . . .      SeeInvis +    H - +6 long sword
rCold   . . .      Faith    .    (no shield)
rNeg    . . .      Spirit   .    v - +0 acid dragon scales
rPois   .          Reflect  .    (no helmet)
rElec   .          Harm     .    G - +1 cloak
rCorr   +          Rampage  .    (gloves unavailable)
Will    .....                    y - +2 pair of boots
Stlth   ++........               o - amulet of magic regeneration
HPRegen 0.33/turn                i - ring of see invisible
MPRegen 0.60/turn                F - +4 ring of evasion

@: studying Ranged Weapons
A: large bone plates 1, foul stench 2, demonic magic 1, demonic touch 3
a: Renounce Religion


You were in an ice cave.
You worshipped Vehumet.
Vehumet was most pleased with you.
You visited 3 branches of the dungeon, and saw 13 of its levels.
You also visited: Sewer and Ice Cave.

You collected 618 gold pieces.

Inventory:

Hand Weapons
 f - the +8 whip "Snakebite" {venom, curare, rPois}
   (You found it on level 1 of the Lair of Beasts)

   It poisons the flesh of those it strikes.
   It occasionally inflicts asphyxiating poison on those it strikes, dealing
   poison damage and causing slowness.
   rPois:     It protects you from poison.
 g - a +2 falchion
 H - a +6 long sword (weapon)
Armour
 v - +0 acid dragon scales (worn)
 x - the +2 robe "Imiugg" {Rampage rF++ Int+3 Archmagi}
   (You found it on level 4 of the Dungeon)

   Int:       It affects your intelligence (+3).
   rF:        It greatly protects you from fire.
   Rampage:   It bestows one free step when moving towards enemies.
   Archmagi:  It increases the power of your magical spells.
 y - a +2 pair of boots (worn)
 G - a +1 cloak (worn)
Magical Staves
 c - a staff of air
 h - a staff of conjuration
Jewellery
 i - a ring of see invisible (left hand)
 o - an amulet of magic regeneration (around neck)
 q - a +4 ring of evasion
 u - an amulet of reflection
 D - a ring of wizardry
 F - a +4 ring of evasion (right hand)
Wands
 k - a wand of polymorph (5)
 n - a wand of roots (13)
 s - a wand of light (11)
Scrolls
 e - 2 scrolls of teleportation
 m - 3 scrolls of fear
Potions
 a - a potion of haste {unknown}
 b - 3 potions of magic
 d - a potion of brilliance {unknown}
 j - 2 potions of cancellation {unknown}
 l - 4 potions of flight
 p - 8 potions of curing
 t - 3 potions of invisibility
 w - 2 potions of might {unknown}
 z - a potion of attraction {unknown}
 A - 2 potions of ambrosia {unknown}
 B - 4 potions of mutation
 C - a potion of resistance {unknown}
 E - 5 potions of heal wounds


   Skills:
 + Level 4.1 Fighting
 + Level 6.6 Long Blades
 + Level 3.6 Armour
 + Level 3.7 Dodging
 - Level 1.7 Stealth
 + Level 2.2 Shields
 + Level 11.2 Spellcasting
 + Level 7.3 Conjurations
 + Level 9.7 Fire Magic


You had 13 spell levels left.
You knew the following spells:

 Your Spells              Type           Power      Damage    Failure   Level
a - Foxfire               Conj/Fire      100%       2x1d9     1%          1
b - Scorch                Fire           100%       2d10      1%          2
c - Kindle Blastsparks    Fire/Tloc/Air  50%        2d14      2%          3
d - Flame Wave            Conj/Fire      47%        2d12      1%          4
e - Shock                 Conj/Air       100%       1d9       1%          1
f - Searing Ray           Conj           84%        2d7       1%          2
g - Ignite Poison         Fire/Tmut/Pois 25%        N/A       2%          3
h - Sticky Flame          Conj/Fire      47%        2d6       1%          4

Your spell library contained the following spells:

 Spells                   Type           Power      Damage    Failure   Level
 Hailstorm                Conj/Ice       27%        3d7       1%          3
 Inner Flame              Hex/Fire       32%        N/A       1%          3
 Freeze                   Ice            44%        1d6       2%          1
 Frozen Ramparts          Ice            22%        1d4       8%          3
 Ensorcelled Hibernation  Hex/Ice        22%        N/A       14%         2
 Sublimation of Blood     Necr           11%        N/A       14%         2
 Wereblood                Tmut           11%        N/A       14%         2
 Portal Projectile        Hex/Tloc       22%        N/A       28%         3
 Spider Form              Tmut/Pois      11%        N/A       28%         3
 Tukima's Dance           Hex            11%        N/A       28%         3
 Iron Shot                Conj/Erth      13%        9d3       58%         6
 Anguish                  Hex/Necr       5%         N/A       67%         4
 Animate Armour           Summ/Erth      22%        N/A       67%         4
 Summon Lightning Spire   Summ/Air       11%        N/A       67%         4
 Blade Hands              Tmut           5%         N/A       95%         5
 Storm Form               Tmut/Air       5%         N/A       100%        7
 Summon Hydra             Summ           5%         N/A       100%        7
 Maxwell's Capacitive Co  Air            5%         ∞         100%        8


Dungeon Overview and Level Annotations

Branches:
Dungeon (10/15)            Temple (1/1) D:6            Lair (2/5) D:8
    Orc (0/2) D:10          Sewer (visited)           IceCv (1/1)
  Swamp: Lair:2-3    Shoals: Lair:2-3     Snake: Lair:2-3    Spider: Lair:2-3

Altars:
Ashenzari
Cheibriados
Dithmenos
Fedhas
Gozag
Hepliaklqana
Kikubaaqudgha
Makhleb
Nemelex Xobeh
Okawaru
Qazlal
Ru
Sif Muna
Trog
Uskayaw
Vehumet
Wu Jian
Xom
Yredelemnul

Shops:
D:10 *

Annotations:
IceCv exclusion: 2 ice statues


Innate Abilities, Weirdness & Mutations

You are partially covered in large bone plates. (SH +4)
You sometimes emit foul miasma when damaged in melee.
Spells you cast may paralyse adjacent enemies.
Your touch may irresistibly damage your foes and sap their willpower.


Message History

The ice devil closely misses you.
A wave of flame ripples out!
The flame wave engulfs the ice devil!
The ice devil is burned terribly!
You kill the ice devil!
Vehumet accepts your kill.
You feel your power returning.
You finish channelling waves of flame.
Unknown command.
Annotate which branch? (. - IceCv, ? - help, ! - show branch list) New annotation for Temple (include '!' for warning):
Okay, then.
You start resting.
Magic restored. 2 ice statues come into view.
Marking area around 2 ice statues as unsafe for travelling.
The ice statue gestures at you. The shard of ice hits you!
The ice statue gestures at you. The shard of ice hits you!!
You hit the ice statue but do no damage.
The ice statue glitters chillingly in the dim dungeon light.
The ice statue gestures at you. The bolt of cold hits you!
You hit the ice statue.
The ice statue is lightly damaged.
The ice statue gestures.
You hit the ice statue but do no damage.
You touch the ice statue.
The ice statue is lightly damaged.
The ice statue gestures at you.
The freezing blast engulfs the ice beast.
The ice beast completely resists.
The ice beast barely misses you.
You hit the ice statue but do no damage.
You touch the ice statue!
You punch the ice statue, but do no damage.
The ice statue is moderately damaged.
You are engulfed in freezing vapours.
* * * LOW HITPOINT WARNING * * *
The ice statue gestures at you. The shard of ice hits you!!
You die...

#### ##.#.#### ####
##....§.8# #### ##..##
#....☼☼@####..#####....#
#.....○Y○##....##.......
#.....§☼§...#.......∩.∩.
##.........###..........
#.......### ##..##....#
#......## ######..##
#......8 #### ##.....#
##....#


You could see 2 ice statues and an ice beast (summoned).

Vanquished Creatures
  3 two-headed ogres (D:10)
  Erica (D:9)
  5 black mambas (Lair:1)
  3 cane toads (Lair:1)
  An ice devil (IceCv)
  A troll (D:9)
  2 hornets
  7 blink frogs (Lair:1)
  2 wraiths
  2 wyverns
  A human (D:10)
  15 yaks
  Menkaure (D:7)
  4 steam dragons
  A warg (D:10)
  2 acid dragons
  15 water moccasins
  Duvessa (D:7)
  3 ice beasts
  3 orc warriors
  A sky beast (D:8)
  2 black bears
  2 wolves (Lair:2)
  2 ogres (D:6)
  6 centaurs
  A phantom (D:4)
  2 kobold brigands
  6 bullfrogs
  A necrophage (D:8)
  A cane toad simulacrum (Lair:2)
  4 scorpions
  A gnoll sergeant (D:9)
  17 wights
  Dowan (D:7)
  An elephant simulacrum (IceCv)
  6 killer bees (D:9)
  5 orc priests
  9 hounds
  A jelly (D:6)
  An iguana (D:5)
  7 orc wizards
  2 troll simulacra (IceCv)
  3 gnolls (D:9)
  4 adders
  A naga simulacrum (IceCv)
  3 white imps
  An ufetubus (IceCv)
  4 worms
  3 dart slugs
  29 orcs
  9 endoplasms
  4 giant cockroaches (D:1)
  6 goblins
  4 hobgoblins
  2 jackals (Sewer)
  A quokka (D:3)
  7 ball pythons
  7 bats
  7 frilled lizards
  10 kobolds
  9 rats
266 creatures vanquished.

Vanquished Creatures (collateral kills)
  2 foxfires
2 creatures vanquished.

Vanquished Creatures (others)
  663 foxfires
663 creatures vanquished.

Grand Total: 931 creatures vanquished

Notes
Turn   | Place    | Note
-------+----------+-------------------------------------------
     0 | D:1      | funkygono the Demonspawn Fire Elementalist began the quest
                  | for the Orb.
     0 | D:1      | Reached XP level 1. HP: 13/13 MP: 3/3
   295 | D:1      | Gained mutation: Your touch may inflict minor irresistible
                  | damage on your foes. [demonic ancestry]
   295 | D:1      | Reached XP level 2. HP: 19/20 MP: 0/5
   298 | D:1      | Learned a level 2 spell: Scorch
  1129 | D:1      | Gained mutation: You are partially covered in large bone
                  | plates. (SH +4) [demonic ancestry]
  1129 | D:1      | Reached XP level 3. HP: 25/25 MP: 1/6
  1133 | D:1      | Learned a level 3 spell: Kindle Blastsparks
  1654 | D:2      | Found a faded altar of an unknown god.
  1754 | D:2      | Gained mutation: Your touch may inflict irresistible damage
                  | on your foes. [demonic ancestry]
  1754 | D:2      | Reached XP level 4. HP: 31/31 MP: 5/8
  1778 | D:2      | Reached skill level 3 in Spellcasting
  2786 | D:3      | Found a basalt altar of Yredelemnul.
  2797 | D:3      | Found a stormy altar of Qazlal.
  3186 | D:4      | Gained mutation: You may rarely emit foul miasma when
                  | damaged in melee. [demonic ancestry]
  3186 | D:4      | Reached XP level 5. HP: 34/36 MP: 10/10
  3191 | D:4      | Learned a level 4 spell: Flame Wave
  3272 | D:4      | Noticed a water moccasin
  3276 | D:4      | Killed a water moccasin
  3280 | D:4      | Reached skill level 4 in Spellcasting
  3337 | D:4      | Identified the +2 robe "Imiugg" {Rampage rF++ Int+3
                  | Archmagi}
  3348 | D:4      | Noticed a phantom
  3357 | D:4      | Killed a phantom
  3358 | D:4      | Gained mutation: Spells you cast may paralyse adjacent
                  | enemies. [demonic ancestry]
  3358 | D:4      | Reached XP level 6. HP: 42/42 MP: 5/12
  3459 | D:4      | Reached skill level 1 in Fighting
  3530 | D:4      | Found a sparkling altar of Nemelex Xobeh.
  3569 | D:5      | Entered Level 5 of the Dungeon
  3827 | D:5      | Gained mutation: You sometimes emit foul miasma when
                  | damaged in melee. [demonic ancestry]
  3827 | D:5      | Reached XP level 7. HP: 48/48 MP: 12/14
  3929 | D:5      | Found a burning altar of Makhleb.
  3961 | D:5      | Reached skill level 1 in Long Blades
  4031 | D:5      | Reached skill level 5 in Fire Magic
  4203 | D:6      | Reached skill level 5 in Spellcasting
  4300 | D:6      | Found a hide-covered altar of Uskayaw.
  4363 | D:6      | Found a glowing drain.
  4372 | Sewer    | Entered a sewer
  4704 | D:6      | Found a staircase to the Ecumenical Temple.
  4713 | Temple   | Entered the Ecumenical Temple
  4804 | Temple   | Became a worshipper of Vehumet
  4893 | D:6      | Reached XP level 8. HP: 54/54 MP: 14/16
  4992 | D:6      | Reached skill level 6 in Spellcasting
  5109 | D:6      | Found a bloodstained altar of Trog.
  5629 | D:7      | Reached skill level 7 in Spellcasting
  5635 | D:7      | Reached XP level 9. HP: 56/62 MP: 10/19
  5653 | D:7      | Noticed Menkaure
  5658 | D:7      | Killed Menkaure
  5662 | D:7      | Reached skill level 1 in Shields
  5722 | D:7      | Reached * piety under Vehumet
  5722 | D:7      | Offered knowledge of Shock by Vehumet.
  5732 | D:7      | Reached skill level 5 in Conjurations
  5878 | D:7      | Noticed Dowan
  5879 | D:7      | Noticed Duvessa
  5889 | D:7      | Killed Duvessa
  5903 | D:7      | Killed Dowan
  6246 | D:7      | Learned a level 1 spell: Shock
  6293 | D:8      | Paralysed by a hornet for 1 turns
  6297 | D:8      | Reached skill level 8 in Spellcasting
  6651 | D:8      | Gained mutation: Your touch may irresistibly damage your
                  | foes and sap their willpower. [demonic ancestry]
  6651 | D:8      | Reached XP level 10. HP: 69/69 MP: 22/22
  6670 | D:8      | Found a staircase to the Lair.
  7065 | D:9      | Reached ** piety under Vehumet
  7071 | D:9      | Offered knowledge of Searing Ray by Vehumet.
  7564 | D:9      | Learned a level 2 spell: Searing Ray
  7909 | D:9      | Noticed Erica
  7917 | D:9      | Killed Erica
  7918 | D:9      | Reached skill level 1 in Armour
  7918 | D:9      | Reached skill level 9 in Spellcasting
  8034 | D:10     | Entered Level 10 of the Dungeon
  8054 | D:10     | Noticed a two-headed ogre
  8057 | D:10     | Killed a two-headed ogre
  8305 | D:10     | Found a staircase to the Orcish Mines.
  8310 | D:10     | Reached skill level 5 in Long Blades
  8466 | D:10     | Reached XP level 11. HP: 75/75 MP: 20/24
  8605 | D:10     | Noticed a two-headed ogre
  8611 | D:10     | Killed a two-headed ogre
  8611 | D:10     | Offered knowledge of Ignite Poison by Vehumet.
  8693 | D:10     | Found a shimmering blue altar of Sif Muna.
  8808 | D:10     | Found Nuthrim's Assorted Antiques.
  8824 | D:10     | Noticed a two-headed ogre
  8832 | D:10     | Killed a two-headed ogre
  8833 | D:10     | Reached skill level 10 in Spellcasting
  9075 | D:10     | Found a snail-covered altar of Cheibriados.
  9119 | D:10     | Learned a level 3 spell: Ignite Poison
  9212 | Lair:1   | Entered Level 1 of the Lair of Beasts
  9324 | Lair:1   | Reached *** piety under Vehumet
  9687 | Lair:1   | Found an opulent altar of Gozag.
  9937 | Lair:1   | Offered knowledge of Sticky Flame by Vehumet.
  9998 | Lair:1   | Reached skill level 11 in Spellcasting
  9998 | Lair:1   | Reached XP level 12. HP: 63/83 MP: 23/27
 10063 | Lair:1   | Found the +8 whip "Snakebite" {venom, curare, rPois}
 10269 | Lair:1   | Upgraded the game from 0.30-a0-424-g7412bad402 to
                  | 0.30-a0-439-g9e77e4d916
 10445 | Lair:2   | Learned a level 4 spell: Sticky Flame
 10450 | Lair:2   | Found a frozen archway.
 10476 | IceCv    | Entered an ice cave
 10693 | IceCv    | HP: 3/83 [ice statue] (32)]
 10693 | IceCv    | Killed from afar by an ice statue

Illustrated notes

Levels and vault maps discovered:
D:1:      dpeg_arrival_pits, layout_loops_corners, kennysheep_nondescript
D:2:      layout_loops_corners, shapermc_ecumenical_altar_mp_vishouse
D:3:      layout_basic, minitemple
D:4:      layout_rooms, nemelex_diamond_rough_becter, grunt_decor_junction,
          kennysheep_flooded_box, kennysheep_generic_room_13
D:5:      layout_rooms, hangedman_feature_mirror
D:6:      layout_basic, trog_three_pillars_becter,
          nicolae_uskayaw_murder_on_the_dancefloor, minmay_temple_entry_slanted,
          portal_sewer_entry_a, grunt_ministairs_3, minivault_11
D:7:      wad_crossroads, layout_cave_pools,
          mainiacjoe_overflow_small_starburst, uniq_duvessa, uniq_menkaure
D:8:      layout_cave_pools
D:9:      layout_irregular_city, uniq_erica
D:10:     layout_grid_maze, slow_altar_2, tgw_sif, erik_orc_4,
          minmay_shop_grid_forest, st_stairs_6, minmay_starry_boxes
Temple:   jpeg_temple_clearing
Lair:1:   minmay_guarded_unrand_snakebite, layout_cave_shapes, basic_altar,
          minmay_holes, grunt_megastairs_3
Lair:2:   layout_cave_shapes, palyth_hydra_swamp_entry,
          nicolae_spider_entry_orb_guardian,
          portal_ice_cave_entry_ice_simulacra, serial_bayou_pond_b,
          lemuel_fruit_tree
IceCv:    ice_cave_small_demon

Skill      XL: |  1  2  3  4  5  6  7  8  9 10 11 |
---------------+----------------------------------+-----
Fire Magic     | 3 4 5 6 7 8 9 |  9.7
Spellcasting   | 3 4 5 7 8 9 11 | 11.2
Dodging        | 2 3 |  3.7
Conjurations   | 2 3 4 5 6 7 |  7.3
Fighting       | 1 2 3 4 |  4.1
Long Blades    | 1 2 4 5 6 |  6.6
Shields        | 1 2 |  2.2
Armour         | 1 3 |  3.6
Stealth        | |  1.7

Action                   |  1- 3 |  4- 6 |  7- 9 | 10-12 || total
-------------------------+-------+-------+-------+-------++-------
Melee: Long sword        |     4 |    26 |    58 |   124 ||   212
       Touch             |     1 |     5 |    10 |    35 ||    51
       Unarmed           |       |       |     8 |       ||     8
       Punch             |       |       |       |     5 ||     5
 Cast: Foxfire           |    55 |    76 |   107 |   143 ||   381
       Scorch            |     4 |    12 |    45 |    47 ||   108
       Flame Wave        |       |       |     1 |    12 ||    13
  Use: Scroll            |       |       |    17 |     7 ||    24
       Potion            |       |       |       |     1 ||     1
 Stab: Paralysed         |       |     2 |    10 |     7 ||    19
       Sleeping          |       |       |       |     1 ||     1
Armor: Robe              |     6 |     2 |     4 |     1 ||    13
       Skin              |       |       |     1 |       ||     1
       Acid dragon scale |       |       |       |    34 ||    34
Dodge: Dodged            |    17 |    13 |    52 |   121 ||   203
Block: Other             |     1 |     6 |    11 |    24 ||    42

Table legend: (Time is in decaauts)
 A = Elapsed time spent in this place.
 B = Non-inter-level travel time spent in this place.
 C = Inter-level travel time spent in this place.
 D = Time resting spent in this place.
 E = Time spent auto-exploring this place.
 F = Levels seen in this place.
 G = Mean time per level.
                   A        B        C        D        E       F      G
               +--------+--------+--------+--------+--------+-----+--------+
         Total |  10741 |  10444 |    297 |    543 |   7880 |  15 |  716.1 |
       Dungeon |   8910 |   8668 |    242 |    215 |   6941 |  10 |  891.0 |
        Temple |    113 |     70 |     43 |      0 |     55 |   1 |  113.0 |
          Lair |   1269 |   1259 |     10 |    164 |    697 |   2 |  634.5 |
         Sewer |    230 |    230 |      0 |      0 |    186 |   1 |  230.0 |
      Ice Cave |    217 |    217 |      0 |    164 |      0 |   1 |  217.0 |
               +--------+--------+--------+--------+--------+-----+--------+

Top non-repeatable levels by time:
     D:1: 1240 daAuts
     D:2: 1166 daAuts
    D:10: 1100 daAuts
  Lair:1: 1071 daAuts
     D:9: 1036 daAuts
     D:6: 968 daAuts
     D:7: 835 daAuts
     D:8: 808 daAuts
     D:3: 781 daAuts
     D:4: 517 daAuts
     D:5: 455 daAuts
   Sewer: 230 daAuts
   IceCv: 217 daAuts
  Lair:2: 198 daAuts
  Temple: 113 daAuts
